 Dungeon Crawl Stone Soup version 0.26-a0-812-g31a745ddcd (webtiles) character file.

Game seed: 16355425033091889356

6594 tilp the Slinger (level 11, -1/69 HPs)
             Began as a Halfling Hunter on Nov 25, 2020.
             Was an Elder of Okawaru.
             Hit by a javelin thrown by Urug (5 damage)
             ... on level 12 of the Dungeon.
             The game lasted 00:23:52 (11519 turns).

tilp the Slinger (Halfling Hunter)                 Turns: 11519, Time: 00:23:52

Health: -1/69      AC: 16    Str: 20    XL:     11   Next: 21%
Magic:  14/14      EV: 17    Int:  9    God:    Okawaru [****..]
Gold:   239        SH:  0    Dex: 17    Spells: 10/10 levels left

rFire    + . .     SeeInvis .   b - +5 whip "Arcanum" {vorpal, Str+5}
rCold    . . .     Faith    .   (shield restricted)
rNeg     . . .     Spirit   .   m - +2 chain mail {rPois}
rPois    +         Reflect  .   s - +0 helmet
rElec    .         Harm     .   e - +1 cloak
rCorr    .         Rampage  .   P - +2 pair of gloves
MR       .....                  (no boots)
Stlth    ..........             (no amulet)
HPRegen  0.21/turn              f - +4 ring of evasion
MPRegen  0.14/turn              j - ring of protection from fire

@: studying Throwing
A: small, mutation resistance 1
a: Heroism, Renounce Religion


You were on level 12 of the Dungeon.
You worshipped Okawaru.
Okawaru was greatly pleased with you.
You visited 2 branches of the dungeon, and saw 14 of its levels.

You collected 714 gold pieces.
You spent 475 gold pieces at shops.

Inventory:

Hand Weapons
 a - a +3 hunting sling of freezing
 b - the +5 whip "Arcanum" (weapon) {vorpal, Str+5}
   (You found it on level 5 of the Dungeon)

   It inflicts extra damage upon your enemies.
   It affects your strength (+5).
 G - a +2 scimitar of flaming
Missiles
 d - 95 sling bullets
 h - 183 stones (quivered)
Armour
 e - a +1 cloak (worn)
 g - a +0 pair of gloves
 m - a +2 chain mail of poison resistance (worn)
 s - a +0 helmet (worn)
 H - a scarf of repulsion
 K - a +1 chain mail of fire resistance
 P - a +2 pair of gloves (worn)
Jewellery
 f - a +4 ring of evasion (left hand)
 j - a ring of protection from fire (right hand)
 q - an uncursed ring of positive energy
Wands
 l - a wand of disintegration (5)
 o - a wand of iceblast (5)
 x - a wand of digging (7)
 y - a wand of flame (13)
 C - a wand of paralysis (8)
 O - a wand of enslavement (5)
Scrolls
 c - 5 scrolls of remove curse
 i - a scroll of immolation
 p - 2 scrolls of teleportation
 t - a scroll of enchant armour
 z - 3 scrolls of enchant weapon
 B - 3 scrolls of amnesia
 D - 3 scrolls of magic mapping
Potions
 r - a potion of mutation
 u - a potion of magic
 A - 5 potions of brilliance
 E - a potion of might
 F - 3 potions of cancellation
 I - 3 potions of lignification
 J - 2 potions of resistance
 M - a potion of haste {unknown}
 N - a potion of flight {unknown}
 S - 2 potions of attraction
Books
 w - a manual of Throwing
Miscellaneous
 L - a tin of tremorstones (2/2)
 Q - a box of beasts
 R - a lightning rod (4/4)


   Skills:
 - Level 4.0 Fighting
 + Level 8.6 Maces & Flails
 - Level 12.0(12.2) Slings
 + Level 2.4(6.0) Throwing
 - Level 6.0 Dodging
 - Level 6.0 Stealth
 - Level 4.0 Invocations
 - Level 6.0 Evocations


You had 10 spell levels left.
You didn't know any spells.
Your spell library contained the following spells:

 Spells                   Type           Power        Failure   Level
 Corona                   Hex            #......      99%         1
 Ensorcelled Hibernation  Hex/Ice        #.....       100%        2
 Confusing Touch          Hex            #.......     100%        3
 Dazzling Flash           Conj/Hex       #.....       100%        3
 Tukima's Dance           Hex            #.......     100%        3


Dungeon Overview and Level Annotations

Branches:
Dungeon (13/15)            Temple (1/1) D:6          Vaults (0/5) D:13
   Lair: D:8-11         Orc: D:9-12

Altars:
Ashenzari
Cheibriados
Dithmenos
Elyvilon
Fedhas
Gozag
Hepliaklqana
Kikubaaqudgha
Makhleb
Nemelex Xobeh
Okawaru
Qazlal
Ru
Sif Muna
Trog
Uskayaw
Vehumet
Wu Jian
Xom
Yredelemnul
Zin
The Shining One

Shops:
D:6 [   D:9 ([?

Annotations:
D:2 1 runed translucent door, Crazy Yiuf
D:6 1 runed translucent door, PanSaczeczos's ghost, novice NaVM
D:10 3 runed translucent doors, Zenonira's ghost, journeyman MfGl
D:12 Urug


Innate Abilities, Weirdness & Mutations

You are small and have problems with some larger weapons.
You are somewhat resistant to further mutation.


Message History

You feel strangely unstable.
The yak bellows!
A yak comes into view. x2
As you read the scroll of fog, it crumbles to dust.
The scroll dissolves into smoke.
The yak bellows! x2
The gargoyle hurls a stone arrow at you.
The stone arrow misses you.
Unknown command.
A cyan ugly thing comes into view.
The cyan ugly thing gurgles horribly!
Found a mace.
Your surroundings suddenly seem different.
Urug the Orcish Ballista comes into view.
She is wielding a +2 scimitar.
Urug shouts!
You hear a bellow!
Urug throws a javelin.
The javelin pierces through you.
* * * LOW HITPOINT WARNING * * *
Found a javelin.
Found a stone staircase leading up.
Urug throws a javelin.
The javelin pierces through you.
You die...

......§.§..#..#
....$#
...Y.Y§§§.##..#...###
..........##..#..##
..................#
#...#.$.u.#..o..?..
##.####.#.....#....
#. #.#........#
#........# #(.@.....#
#..........
#..........
#........#.
#........#
...##.##.<. ....# ..
.## ..... #.. #


You could see Urug, a cyan ugly thing and a yak.

Vanquished Creatures
  Erica (D:8)
  Pikel (D:6)
  2 trolls
  A yak (D:12)
  Edmund (D:6)
  A water moccasin (D:9)
  Duvessa (D:5)
  Purgy (D:3)
  2 phantoms
  A black bear (D:10)
  5 orc warriors
  2 ice beasts
  2 sky beasts
  A necrophage (D:8)
  4 ogres
  An eye of draining (D:9)
  4 centaurs
  2 lemures (D:6)
  2 big kobolds
  2 bullfrogs
  A wyvern zombie (D:7)
  A water moccasin skeleton (D:8)
  Dowan (D:5)
  3 scorpions
  5 killer bees
  4 howler monkeys
  10 wights
  2 hounds
  5 orc priests
  A bullfrog zombie (D:9)
  A centaur skeleton (D:8)
  2 bullfrog skeletons
  Ijyb (D:4)
  Jessica (D:3)
  7 orc wizards
  Natasha (thrice) (D:2)
  2 iguanas
  8 worker ants
  A worker ant zombie (D:9)
  3 gnolls (D:5)
  6 adders
  A howler monkey skeleton (D:5)
  3 shadow imps
  2 white imps
  2 ufetubi
  4 oozes
  An adder skeleton (D:10)
  An adder zombie (D:9)
  4 worms
  2 dart slugs (D:1)
  6 leopard geckos
  29 orcs
  5 bats
  4 giant cockroaches
  6 goblins
  6 hobgoblins
  15 jackals
  15 kobolds
  8 quokkas
  A ball python (D:4)
  7 frilled lizards
  3 leopard gecko skeletons
  A leopard gecko zombie (D:7)
  2 rats (D:1)
233 creatures vanquished.

Vanquished Creatures (others)
  An orc (D:9)
  4 plants (D:10)
5 creatures vanquished.

Grand Total: 238 creatures vanquished

Notes
Turn   | Place    | Note
-------+----------+-------------------------------------------
     0 | D:1      | tilp the Halfling Hunter began the quest for the Orb.
     0 | D:1      | Reached XP level 1. HP: 14/14 MP: 1/1
    28 | D:1      | You fall into a shaft and drop 1 floor!
    49 | D:1      | Reached skill level 6 in Slings
   108 | D:1      | Reached XP level 2. HP: 19/19 MP: 2/2
   253 | D:1      | Reached skill level 7 in Slings
   253 | D:1      | Reached XP level 3. HP: 24/24 MP: 3/3
   925 | D:2      | Reached XP level 4. HP: 29/29 MP: 4/4
   941 | D:2      | Found an opulent altar of Gozag.
   975 | D:2      | Noticed Natasha
   986 | D:2      | Killed Natasha
   986 | D:2      | Reached skill level 8 in Slings
  1112 | D:2      | Noticed Natasha
  1133 | D:2      | HP: 1/29 [Natasha (1)]
  1143 | D:2      | Killed Natasha
  1143 | D:2      | Reached XP level 5. HP: 25/34 MP: 5/5
  1302 | D:2      | Noticed Natasha
  1310 | D:2      | Killed Natasha
  1310 | D:2      | Reached skill level 9 in Slings
  1757 | D:2      | Found a runed translucent door.
  1758 | D:2      | Noticed Crazy Yiuf
  2071 | D:3      | Reached XP level 6. HP: 39/39 MP: 6/6
  2151 | D:3      | Noticed Purgy
  2164 | D:3      | Reached skill level 10 in Slings
  2171 | D:3      | Killed Purgy
  2265 | D:3      | Noticed Jessica
  2267 | D:3      | Killed Jessica
  2558 | D:4      | Noticed Ijyb
  2565 | D:4      | Killed Ijyb
  2565 | D:4      | Reached skill level 11 in Slings
  2565 | D:4      | Reached XP level 7. HP: 44/44 MP: 7/7
  2786 | D:4      | Found an ornate altar of the Wu Jian Council.
  3207 | D:5      | Entered Level 5 of the Dungeon
  3440 | D:5      | Noticed Dowan
  3442 | D:5      | Noticed Duvessa
  3449 | D:5      | Killed Dowan
  3449 | D:5      | Reached skill level 12 in Slings
  3461 | D:5      | Killed Duvessa
  3461 | D:5      | Reached skill level 1 in Evocations
  3602 | D:5      | Got a slimy whip
  3615 | D:5      | Reached XP level 8. HP: 50/50 MP: 8/8
  3975 | D:5      | Identified the +5 whip "Arcanum" {vorpal, Str+5} (You found
                  | it on level 5 of the Dungeon)
  4009 | D:6      | Noticed Edmund
  4019 | D:6      | Killed Edmund
  4061 | D:6      | Found a staircase to the Ecumenical Temple.
  4126 | Temple   | Entered the Ecumenical Temple
  4385 | Temple   | Became a worshipper of Warmaster Okawaru
  4849 | D:6      | Found a basalt altar of Yredelemnul.
  4936 | D:6      | Reached XP level 9. HP: 45/57 MP: 9/9
  5482 | D:6      | Reached * piety under Okawaru
  5600 | D:6      | Found a burning altar of Makhleb.
  5618 | D:6      | Noticed Pikel
  5635 | D:6      | Killed Pikel
  5635 | D:6      | Reached skill level 5 in Dodging
  5687 | D:6      | Found Tokhlipre's Armour Emporium.
  5747 | D:6      | Found a shimmering altar of Xom.
  5747 | D:6      | Noticed PanSaczeczos's ghost (novice NaVM)
  5747 | D:6      | Noticed a +1 short sword of chaos
  5749 | D:6      | Found a runed translucent door.
  5760 | D:6      | Bought a +2 chain mail of poison resistance for 203 gold
                  | pieces
  6134 | D:6      | Reached skill level 1 in Invocations
  6187 | D:7      | Found a radiant altar of Vehumet.
  6188 | D:7      | Found a shadowy altar of Dithmenos.
  6219 | D:7      | Reached skill level 1 in Maces & Flails
  6284 | D:7      | Reached ** piety under Okawaru
  6941 | D:7      | Reached XP level 10. HP: 58/63 MP: 12/12
  7072 | D:7      | Reached skill level 5 in Evocations
  7720 | D:8      | Noticed Erica
  7770 | D:8      | HP: 3/63 [something/lance of force (20)]
  8100 | D:8      | Killed Erica
  8100 | D:8      | Reached *** piety under Okawaru
  8212 | D:8      | Found a glowing silver altar of Zin.
  8233 | D:8      | Reached skill level 5 in Maces & Flails
  8927 | D:9      | Found Diryihar's Antique Weapon Shop.
  9036 | D:8      | Reached **** piety under Okawaru
  9036 | D:8      | Received a gift from Okawaru
  9546 | D:9      | Reached XP level 11. HP: 59/69 MP: 14/14
  9670 | D:9      | Found Ruyhad's Antique Armour Boutique.
  9675 | D:9      | Bought a pair of glowing gloves for 202 gold pieces
  9715 | D:9      | Found a white marble altar of Elyvilon.
  9891 | D:9      | Found Buqifrick's Magic Scroll Shop.
  9894 | D:9      | Bought a scroll of identify for 28 gold pieces
  9894 | D:9      | Bought a scroll of identify for 28 gold pieces
  9894 | D:9      | Bought a scroll of random uselessness for 14 gold pieces
 10051 | D:10     | Entered Level 10 of the Dungeon
 10813 | D:10     | Found a runed translucent gate.
 10813 | D:10     | Found a runed translucent gate.
 10828 | D:10     | Found a runed translucent gate.
 10828 | D:10     | Noticed Zenonira's ghost (journeyman MfGl)
 10828 | D:10     | Noticed a nine-headed hydra
 10829 | D:10     | Noticed a 12-headed hydra
 11400 | D:11     | Reached skill level 1 in Throwing
 11439 | D:11     | You fall into a shaft and drop 2 floors!
 11451 | D:13     | Noticed a cyclops
 11452 | D:13     | Found a gate to the Vaults.
 11452 | D:13     | Noticed an ogre mage
 11452 | D:13     | Noticed a two-headed ogre
 11452 | D:13     | Noticed a two-headed ogre
 11514 | D:12     | Noticed a two-headed ogre
 11517 | D:12     | Noticed a cyan ugly thing
 11518 | D:12     | Noticed Urug
 11519 | D:12     | Hit by a javelin thrown by Urug

Illustrated notes

Levels and vault maps discovered:
D:1:      eino_arrival_cavern_b, layout_loops_ring
D:2:      layout_loops_ring, grunt_gozag_statues, uniq_natasha,
          uniq_crazy_yiuf_cottage
D:3:      layout_rooms, uniq_purgy, uniq_jessica
D:4:      layout_gridville, lemuel_doored_altar, roderic_lattice_a, uniq_ijyb
D:5:      layout_cave_pools, uniq_duvessa
D:6:      layout_loops_cross, kennysheep_mini_moat, temple_pool_b, basic_altar,
          ebering_ghost_xom, serial_shops, shop, wad_rectangle_vault,
          uniq_edmund, uniq_pikel
D:7:      layout_loops_corners, nicolae_overflow_hidden_temple
D:8:      layout_loops_ring, old_standard_altar, uniq_erica
D:9:      layout_rooms, elyvilon_altar_5, serial_shops, kennysheep_little_box,
          shop, kennysheep_mini, nicolae_two_hexagons
D:10:     layout_layer_cave, gammafunk_ghost_hydra_chop
D:11:     layout_roguey, lair_entry_dummy, minmay_orc_entry_temple_small,
          minivault_10
D:12:     minmay_clustersquares, layout_rooms, serial_shops,
          nicolae_shop_overgrown_old_shop, grunt_decor_cap, uniq_urug
D:13:     layout_loops_ring, david_vaults_2
Temple:   regret_index_temple_generic_petals

Skill      XL: |  1  2  3  4  5  6  7  8  9 10 11 |
---------------+----------------------------------+-----
Slings         | 6 7 8 9 11 12 | 12.0
Fighting       | 2 3 4 |  4.0
Evocations     | 1 3 4 6 |  6.0
Stealth        | 2 4 6 |  6.0
Dodging        | 4 6 |  6.0
Invocations    | 2 4 |  4.0
Maces & Flails | 2 7 8 |  8.6
Throwing       | 2 |  2.4

Action                   |  1- 3 |  4- 6 |  7- 9 | 10-12 || total
-------------------------+-------+-------+-------+-------++-------
Melee: Short sword       |    16 |    36 |       |       ||    52
       Hand axe          |       |       |    22 |       ||    22
       Dagger            |       |       |     1 |       ||     1
       Whip              |       |       |   136 |   122 ||   258
       Hunting sling     |       |       |       |     6 ||     6
       Punch             |       |       |       |     1 ||     1
 Fire: Hunting sling     |    72 |   126 |   229 |   305 ||   732
Throw: Throwing net      |       |       |     1 |       ||     1
       Stone             |       |       |       |    42 ||    42
Invok: Heroism           |       |       |       |     2 ||     2
Evoke: Wand              |       |       |       |     5 ||     5
  Use: Potion            |       |     2 |     1 |     3 ||     6
       Scroll            |       |     6 |     3 |    18 ||    27
 Stab: Sleeping          |     1 |       |       |       ||     1
Armor: Leather armour    |    10 |     2 |       |       ||    12
       Ring mail         |       |    28 |    12 |       ||    40
       Chain mail        |       |       |    41 |    84 ||   125
Dodge: Dodged            |    20 |    65 |   131 |   229 ||   445

Table legend: (Time is in decaauts)
 A = Elapsed time spent in this place.
 B = Non-inter-level travel time spent in this place.
 C = Inter-level travel time spent in this place.
 D = Time resting spent in this place.
 E = Time spent auto-exploring this place.
 F = Levels seen in this place.
 G = Mean time per level.
                   A        B        C        D        E       F      G
               +--------+--------+--------+--------+--------+-----+--------+
         Total |  11246 |  10757 |    489 |   2028 |   6746 |  14 |  803.3 |
       Dungeon |  10955 |  10529 |    426 |   2028 |   6520 |  13 |  842.7 |
        Temple |    290 |    227 |     63 |      0 |    226 |   1 |  290.0 |
               +--------+--------+--------+--------+--------+-----+--------+

Top non-repeatable levels by time:
     D:6: 1631 daAuts
     D:7: 1499 daAuts
     D:8: 1375 daAuts
    D:10: 1291 daAuts
     D:2: 1216 daAuts
     D:5: 1000 daAuts
     D:9: 879 daAuts
     D:1: 756 daAuts
     D:4: 665 daAuts
     D:3: 520 daAuts
  Temple: 290 daAuts
    D:11: 51 daAuts
    D:12: 50 daAuts
    D:13: 16 daAuts
